 Dungeon Crawl Stone Soup version 0.27-a0-1384-g1422d76b99 (webtiles) character file.

Game seed: 1983972679478926987

291427 dickylongcocking the Warrior (level 21, -7/180 HPs)
             Began as a Djinni Wanderer on July 1, 2021.
             Was the Champion of Makhleb.
             Killed from afar by a purple draconian (30 damage)
             ... with a bolt of dispelling energy
             ... in a wizard's laboratory.
             The game lasted 01:28:01 (50306 turns).

dickylongcocking the Warrior (Djinni Wanderer)     Turns: 50306, Time: 01:28:02

Health: -7/180     AC: 23    Str: 24    XL:     21   Next: 66%
Gold:   296        EV: 17    Int: 21    God:    Makhleb [******] SH:  7 Dex: 16

rFire    + + +     SeeInvis .   R - +9 quick blade (elec)
rCold    + + .     Faith    .   O - +0 buckler
rNeg     . . .     Spirit   .   M - +5 scale mail "Lyorhaac" {Str+7}
rPois    ∞         Reflect  .   p - +2 helmet {Int+3}
rElec    +         Harm     .   g - +0 cloak {rC+}
rCorr    +         Rampage  .   U - +3 pair of gauntlets of War {Slay+5}
Will     +++..                  (boots unavailable)
Stlth    ++........             K - amulet of Vitality {Regen+ HP+15}
HPRegen  1.40/turn              S - ring of Midwinter {Wiz Str+3}
MPRegen  0.00/turn              j - ring of Xixzoph {rC+ Will+}

@: resistant (expiring), flying
A: sickness immunity, fire resistance 2, cold vulnerability 1, float, innate
caster, hp casting, extra vitality 1
}: 2/15 runes: serpentine, barnacled
a: Renounce Religion, Minor Destruction, Lesser Servant of Makhleb, Major
Destruction, Greater Servant of Makhleb


You were in a wizard's laboratory.
You worshipped Makhleb.
Makhleb was exalted by your worship.
You visited 7 branches of the dungeon, and saw 33 of its levels.
You visited 1 bazaar.
You also visited: Sewer, Bailey, Ice Cave and Wizlab.

You collected 4463 gold pieces.
You spent 4167 gold pieces at shops.

Inventory:

Hand Weapons
 L - the +5 sword of Power {vorpal}
   (You bought it in a shop on level 6 of the Dungeon)

   It inflicts extra damage upon your enemies.
 R - a +9 quick blade of electrocution (weapon)
Missiles
 e - 18 boomerangs of dispersal (quivered)
 q - 4 throwing nets
Armour
 g - a +0 cloak of cold resistance (worn)
 n - a +2 crystal plate armour of cold resistance
 p - a +2 helmet of intelligence (worn)
 F - a scarf of repulsion
 M - the +5 scale mail "Lyorhaac" (worn) {Str+7}
   (You bought it in a shop on level 5 of the Dungeon)

   Str:       It affects your strength (+7).
 O - a +0 buckler (worn)
 U - the +3 pair of gauntlets of War (worn) {Slay+5}
   (You acquired it on level 10 of the Dungeon)

   Slay:      It affects your accuracy & damage with ranged weapons and melee
   (+5).
Jewellery
 a - a +4 ring of protection
 c - an amulet of the acrobat
 f - a +6 ring of intelligence
 i - a ring of see invisible
 j - the ring of Xixzoph (right hand) {rC+ Will+}
   (You acquired it on level 2 of the Dungeon)

   [ring of protection from cold]

   rC:        It protects you from cold.
   Will:      It increases your willpower.
 m - an amulet of faith
 D - the ring of the Mage {Wiz Will++ Int+3}
   (You bought it in a shop on level 2 of the Snake Pit)

   [ring of wizardry]

   It improves your spell success rate.Int: It affects your intelligence (+3).
   Will:      It greatly increases your willpower.
 I - the ring "Qippepit" {Ice Will+ Dex+6 Stlth+}
   (You bought it in a shop on level 2 of the Snake Pit)

   [ring of ice]

   It enhances your ice magic.Dex: It affects your dexterity (+6).
   rF:        It makes you vulnerable to fire.
   rC:        It protects you from cold.
   Will:      It increases your willpower.
   Stlth:     It makes you more stealthy.
 K - the amulet of Vitality (around neck) {Regen+ HP+15}
   (You found it on level 2 of the Snake Pit)

   [amulet of regeneration]

   HP:        It affects your health (+15).
   Regen:     It increases your rate of health regeneration.
 S - the ring of Midwinter (left hand) {Wiz Str+3}
   (You acquired it on level 10 of the Dungeon)

   [ring of wizardry]

   It improves your spell success rate.Str: It affects your strength (+3).
 X - a ring of resist corrosion
Wands
 b - a wand of digging (15)
 d - a wand of paralysis (17)
 y - a wand of charming (19)
 V - a wand of iceblast (42)
Scrolls
 l - 10 scrolls of teleportation
 o - 2 scrolls of fog
 s - a scroll of fear
 t - 2 scrolls of silence
 v - 6 scrolls of magic mapping
 A - a scroll of immolation
 G - 10 scrolls of identify
 P - 4 scrolls of enchant armour
 W - 6 scrolls of vulnerability
Potions
 k - 4 potions of brilliance
 r - 8 potions of curing
 u - 2 potions of cancellation
 x - a potion of might
 z - 4 potions of mutation
 B - a potion of resistance
 E - 3 potions of haste
 T - 3 potions of ambrosia
 Y - 2 potions of berserk rage
Miscellaneous
 h - a phantom mirror


   Skills:
 * Level 18.9 Fighting
 - Level 10.0 Short Blades
 - Level 0.5(6.3) Long Blades
 * Level 12.0 Armour
 - Level 14.0 Dodging
 - Level 6.1 Stealth
 - Level 12.2 Shields
 - Level 14.1 Spellcasting
 - Level 5.6 Evocations


You couldn't memorise any spells.
You knew the following spells:

 Your Spells              Type           Power      Damage    Failure   Level
a - Magic Dart            Conj           100%       1d8       1%          1
b - Blink                 Tloc           N/A        N/A       1%          2
c - Call Imp              Summ           65%        N/A       1%          2
d - Slow                  Hex            65%        N/A       1%          2
e - Conjure Flame         Conj/Fire      65%        6-21      1%          3
f - Frozen Ramparts       Ice            100%       1d12      1%          3
g - Pain                  Necr           100%       1d9       1%          1
h - Passwall              Tmut/Erth      54%        N/A       1%          2
i - Confusing Touch       Hex            65%        N/A       1%          3
j - Lightning Bolt        Conj/Air       32%        1d50      1%          5
k - Shadow Creatures      Summ           N/A        N/A       1%          6
l - Simulacrum            Ice/Necr       32%        N/A       1%          6
m - Statue Form           Tmut/Erth      43%        N/A       1%          6
n - Necromutation         Tmut/Necr      32%        N/A       52%         8
s - Sticky Flame          Conj/Fire      65%        2d8       1%          4
x - Mephitic Cloud        Conj/Pois/Air  65%        N/A       1%          3

Your spell library contained the following spells:

 Spells                   Type           Power      Damage    Failure   Level


Dungeon Overview and Level Annotations

Branches:
Dungeon (15/15)            Temple (1/1) D:4            Lair (6/6) D:9
 Shoals (4/4) Lair:3        Snake (4/4) Lair:4        Slime (0/5) Lair:6
    Orc (2/2) D:9             Elf (1/3) Orc:2        Vaults (0/5) D:13
 Depths (0/5) D:15          Sewer (visited)          Bailey (visited)
  IceCv (visited)          WizLab (1/1)

Altars:
Ashenzari
Cheibriados
Dithmenos
Elyvilon
Gozag
Hepliaklqana
Kikubaaqudgha
Makhleb
Nemelex Xobeh
Okawaru
Qazlal
Ru
Sif Muna
Trog
Vehumet
Xom
Zin
The Shining One
Beogh

Shops:
D:5 [   D:6 (   D:10 [=   D:13 *   D:15 *   Orc:2 ??*(*   Shoals:2 =
Shoals:3 !   Snake:2 *===:   Snake:3 :   Snake:4 ([

Annotations:
WizLab exclusion: 2 statues


Innate Abilities, Weirdness & Mutations

You are immune to sickness and miasma.
You are immune to poison.
Your flesh is very heat resistant. (rF++)
You are vulnerable to cold. (rC-)
You float through the air rather than walking.
You learn spells naturally, not from books.
Your magical power is your life essence.
You have superior vitality. (+4 HP)


Message History

Your purple draconian hits the purple draconian but does no damage.
Unknown command.
Aiming: Charm
Press: ? - help, Shift-Dir - straight line, f - purple draconian
Aim: a purple draconian, wielding a +0 hand axe (lightly wounded, catching its breath, ally target, chance to affect: 0%)
Okay, then.
Unknown command.
Okay, then.
Aiming: Dig
Press: ? - help, Shift-Dir - straight line, f - you Please select a direction to dig.
The rock shatters into small pieces.
The purple draconian breathes dispelling energy at you.
The bolt of dispelling energy hits you.
* * * LOW HITPOINT WARNING * * *
Your purple draconian closely misses the purple draconian.
Unknown command.
Unknown command.
Unknown command.
You feel protected.
Your purple draconian hits the purple draconian from afar with a +0 trident.
Unknown command.
Unknown command.
Your purple draconian closely misses the purple draconian.
The purple draconian closely misses your purple draconian.
Unknown command.
Aiming: Corrosive Bolt
Press: ? - help, Shift-Dir - straight line, f - purple draconian
Aim: a purple draconian, wielding a +0 mace (purple smoke, moderately wounded, catching its breath, 74% to hit)
The bolt of acid hits the purple draconian!
The purple draconian is splashed with acid.
The purple draconian is moderately wounded.
The bolt of acid hits the purple draconian!
The purple draconian is splashed with acid.
The purple draconian is heavily wounded.
The now-empty wand crumbles to dust.
The purple draconian breathes dispelling energy at you.
The bolt of dispelling energy hits you!!
Your magical effects are unravelling.
You die...

# ########
.#.#.#.#§.##
.#.#.#.#§##∩##
.....#§###.#.#
........§.##§#
........§§#∩##
......§§§§##.##
....8....§..#@#
..........##.##
...........d##
#dQ........#.#
.#.......d..##
##....§§d.#.#
#....§§.§§§##
#.##...§§§§#.
#.#......§§###


You could see 2 draconians and a friendly purple draconian (summoned).

Vanquished Creatures
  Saint Roka (Snake:4)
  2 Ice Fiends (IceCv)
  Jorgrun (D:15)
  The ghost of jejorda2 the Fencer, an adept MfBe of Trog (Snake:4)
  Agnes (Snake:1)
  Polyphemus (Shoals:3)
  4 krakens (Shoals:1)
  Gastronok (Lair:3)
  Kirke (D:15)
  5 nagarajas
  The ghost of demibob the Severer, an adept DsBe of Trog (Snake:4)
  The ghost of Yamstis the Nimble, an adept GnMo of Makhleb (D:14)
  Louise (Snake:1)
  A stone giant (D:15)
  Nessos (Lair:4)
  Azrael (Snake:1)
  5 merfolk javelineers
  9 merfolk impalers
  6 boulder beetles
  The ghost of DonnieDarkness the Severer, a journeyman HOFi (D:11)
  6 naga warriors
  4 vault guards (D:13)
  9 hydras
  A salamander tyrant (Snake:4)
  2 catoblepae
  5 merfolk avatars
  8 anacondas
  A death knight (D:15)
  Erica (D:11)
  4 satyrs
  7 two-headed ogres
  8 merfolk aquamancers
  3 centaur warriors (D:15)
  2 alligator snapping turtles
  13 death yaks
  A vampire mage (D:14)
  6 tengu warriors
  11 naga sharpshooters
  4 orc high priests (Orc:2)
  A deep elf knight (D:14)
  6 shock serpents
  Sonja (D:11)
  A sixfirhy (D:8)
  12 sea snakes
  2 wizards (D:14)
  A lindwurm (Lair:6)
  6 naga ritualists
  5 deep elf pyromancers
  2 deep elf zephyrmancers (Elf:1)
  23 harpies
  3 orc sorcerers
  9 salamanders
  An oklob plant (Lair:5)
  7 orc knights
  A wolf spider (D:15)
  6 mana vipers
  7 cyclopes
  9 elephants
  21 fauns
  A nameless horror (Snake:2)
  3 ice statues
  16 ugly things
  A wolf spider (shapeshifter) (D:15)
  13 manticores
  3 guardian serpents
  12 naga magi
  3 water nymphs (Shoals:4)
  13 merfolk sirens
  47 black mambas
  9 torpor snails
  7 cane toads
  2 rime drakes
  A kobold demonologist (D:11)
  A freezing wraith (D:14)
  9 komodo dragons
  11 ice devils (IceCv)
  2 tengu conjurers
  10 polar bears (Lair:6)
  55 merfolk
  A meliai (D:13)
  8 trolls
  A hornet (D:8)
  8 wind drakes
  5 blink frogs
  11 slime creatures
  16 dream sheep
  2 raiju (Lair:6)
  6 snapping turtles
  3 wyverns
  30 yaks
  2 fire elementals (Snake:1)
  10 water elementals
  2 hogs (D:15)
  Grum (D:10)
  3 basilisks
  A steam dragon (Lair:4)
  2 acid dragons
  4 vampire mosquitoes
  38 nagas
  8 wargs
  16 water moccasins
  15 hell hounds
  31 orc warriors
  3 sky beasts (D:7)
  14 black bears
  2 necrophages
  A hornet zombie (D:7)
  19 centaurs
  9 ogres
  23 wolves
  A boggart (D:15)
  3 phantoms
  4 kobold brigands (D:11)
  13 bullfrogs
  3 gnoll sergeants
  2 scorpions
  A water moccasin zombie (D:5)
  4 killer bees (D:8)
  A troll zombie (D:9)
  2 electric eels
  3 wights (D:8)
  2 howler monkeys
  3 centaur zombies
  2 bullfrog zombies
  8 hounds
  2 bullfrog skeletons
  28 orc priests
  2 gnoll shamans
  2 jellies
  Crazy Yiuf (D:2)
  An iguana (D:6)
  A scorpion zombie (D:3)
  21 orc wizards
  A statue (D:7)
  2 killer bee zombies
  7 ogre zombies (D:9)
  A hound skeleton (D:4)
  Robin (D:2)
  A howler monkey zombie (D:11)
  17 gnolls
  6 adders
  13 white imps
  3 ufetubi (IceCv)
  An adder skeleton (D:4)
  3 worms
  3 dart slugs
  62 orcs
  5 ball pythons
  13 endoplasms
  13 giant cockroaches
  19 goblins
  9 hobgoblins
  7 jackals
  3 quokkas
  9 bats
  15 frilled lizards
  A goblin skeleton (D:9)
  A goblin zombie (D:9)
  A hobgoblin skeleton (D:9)
  3 hobgoblin zombies (D:9)
  28 kobolds
  4 orc skeletons (D:9)
  15 orc zombies (D:9)
  10 rats
  7 tentacles (Shoals:1)
1173 creatures vanquished.

Vanquished Creatures (collateral kills)
  The ghost of freelancePsychic the Geomancer, an adept PaEE of Ashenzari (Snake:4)
  The ghost of robertstho the Impaler, an adept DsBe of Trog (Snake:4)
  The ghost of Vusiosyu the Warrior, an adept TeGl of Gozag (Snake:4)
  Snorg (D:14)
  An ettin (D:15)
  A salamander tyrant (Snake:4)
  2 naga warriors
  A dancing weapon (D:15)
  3 naga sharpshooters
  2 cherubim (D:15)
  A salamander (Snake:1)
  An orc knight (Orc:2)
  A manticore (Shoals:4)
  A merfolk siren (Shoals:1)
  2 black mambas (Snake:3)
  3 naga magi (Snake:4)
  2 tengu conjurers (WizLab)
  2 merfolk (Shoals:4)
  A yak (Lair:1)
  10 nagas
  4 orc warriors (Orc:2)
  A boggart (D:15)
  3 orc priests (Orc:2)
  A hound (D:4)
  2 orcs (Orc:2)
  A hobgoblin (D:4)
50 creatures vanquished.

Vanquished Creatures (others)
  An orc high priest (Orc:2)
  An orc knight (Orc:2)
  A harpy (Shoals:4)
  2 dream sheep (Lair:6)
  3 humans (D:15)
  A naga (Snake:2)
  A killer bee (D:8)
  An orc priest (Orc:2)
  4 white imps (IceCv)
  An ufetubus (IceCv)
  26 fungi
  132 plants
  43 tentacles (Shoals:1)
217 creatures vanquished.

Grand Total: 1440 creatures vanquished

Notes
Turn   | Place    | Note
-------+----------+-------------------------------------------
     0 | D:1      | dickylongcocking the Djinni Wanderer began the quest for
                  | the Orb.
     0 | D:1      | Reached XP level 1. HP: 15/15 MP: 0/0
   487 | D:1      | Reached skill level 1 in Fighting
   490 | D:1      | Reached XP level 2. HP: 15/22 MP: 0/0
   598 | D:1      | You are sucked into a shaft and drop 1 floor!
   601 | D:2      | Noticed Robin
   614 | D:2      | Found a faded altar of an unknown god.
   617 | D:2      | You are sucked into a shaft and drop 2 floors!
   713 | D:4      | Reached skill level 2 in Fighting
   754 | D:4      | Found a staircase to the Ecumenical Temple.
   761 | Temple   | Entered the Ecumenical Temple
   785 | Temple   | Became a worshipper of Makhleb the Destroyer
   962 | D:4      | Reached XP level 3. HP: 7/29 MP: 0/0
   962 | D:4      | Learned a level 1 spell: Pain
  1259 | D:4      | Reached skill level 3 in Fighting
  1437 | D:4      | Found a hazy altar of Hepliaklqana.
  1450 | D:4      | Reached XP level 4. HP: 10/35 MP: 0/0
  1866 | D:4      | Noticed an ogre
  1902 | D:3      | Reached skill level 4 in Fighting
  2151 | D:3      | Noticed a black bear
  2181 | D:3      | Killed a black bear
  2181 | D:3      | Reached * piety under Makhleb
  2182 | D:3      | Reached skill level 1 in Short Blades
  2182 | D:3      | Reached XP level 5. HP: 5/42 MP: 0/0
  2182 | D:3      | Learned a level 2 spell: Passwall
  2942 | D:2      | Reached XP level 6. HP: 39/48 MP: 0/0
  2951 | D:2      | Killed Robin
  3235 | D:2      | Identified a scroll of acquirement
  3239 | D:2      | Acquired the ring of Xixzoph {rC+ Will+}
  3468 | D:2      | Found a runed translucent door.
  3469 | D:2      | Noticed Crazy Yiuf
  3502 | D:2      | Reached ** piety under Makhleb
  3788 | D:2      | Reached skill level 5 in Fighting
  4044 | D:2      | Killed Crazy Yiuf
  5291 | D:3      | Found a glowing silver altar of Zin.
  5552 | D:4      | Reached XP level 7. HP: 40/54 MP: 0/0
  5552 | D:4      | Learned a level 3 spell: Frozen Ramparts
  6024 | D:4      | Reached skill level 1 in Armour
  6238 | D:4      | Found a shadowy altar of Dithmenos.
  6248 | D:4      | Found a white marble altar of Elyvilon.
  6256 | D:4      | Found a broken altar of Ashenzari.
  6259 | D:4      | Found a shimmering altar of Xom.
  6304 | D:5      | Entered Level 5 of the Dungeon
  6797 | D:5      | Found Hiol's Antique Armour Shoppe.
  6802 | D:5      | Reached XP level 8. HP: 29/60 MP: 0/0
  7495 | D:5      | Reached *** piety under Makhleb
  7796 | D:5      | Reached skill level 5 in Short Blades
  8363 | D:6      | Reached skill level 5 in Armour
  8366 | D:6      | Reached XP level 9. HP: 64/65 MP: 0/0
  8366 | D:6      | Learned a level 3 spell: Confusing Touch
  8727 | D:6      | Found a stormy altar of Qazlal.
  8992 | D:6      | Found a glowing drain.
  9033 | D:6      | Found Wablenor's Weapon Shop.
  9099 | Sewer    | Entered a sewer
  9181 | Sewer    | Reached **** piety under Makhleb
 11760 | D:8      | Reached XP level 10. HP: 34/70 MP: 0/0
 12729 | D:8      | Found a runed translucent door.
 12730 | D:8      | Noticed a sixfirhy
 12755 | D:8      | Noticed a two-headed ogre
 12767 | D:8      | Killed a two-headed ogre
 13448 | D:8      | Killed a sixfirhy
 13633 | D:9      | Reached XP level 11. HP: 76/76 MP: 0/0
 13633 | D:9      | Learned a level 4 spell: Sticky Flame
 13729 | D:9      | Reached skill level 6 in Fighting
 13834 | D:9      | Found a staircase to the Lair.
 14004 | D:9      | Found a staircase to the Orcish Mines.
 14663 | D:10     | Entered Level 10 of the Dungeon
 14685 | D:10     | Reached ***** piety under Makhleb
 14806 | D:10     | Noticed an orc knight
 14822 | D:10     | Noticed a deep elf pyromancer
 14828 | D:10     | Noticed a tengu warrior
 14883 | D:10     | Killed a deep elf pyromancer
 14884 | D:10     | Reached skill level 7 in Fighting
 14886 | D:10     | Killed an orc knight
 15129 | D:10     | Killed a tengu warrior
 15528 | D:10     | Found Uqexolann's Antique Armour Shop.
 15641 | D:10     | Found Lafec's Jewellery Shoppe.
 15663 | D:10     | Reached skill level 8 in Fighting
 16022 | D:5      | Bought an embroidered cloak for 180 gold pieces
 16033 | D:5      | Bought a steaming scale mail for 216 gold pieces
 16033 | D:5      | Identified the +5 scale mail "Lyorhaac" {Str+7} (You bought
                  | it in a shop on level 5 of the Dungeon)
 16194 | D:10     | Reached skill level 1 in Dodging
 16678 | D:10     | Acquired a +3 quick blade
 16680 | D:10     | Acquired the ring of Midwinter {Wiz Str+3}
 16682 | D:10     | Acquired the +2 pair of gloves of Mureub {rElec}
 16734 | D:10     | Noticed Grum
 16742 | D:10     | Killed Grum
 16987 | D:10     | Acquired the +3 pair of gauntlets of War {Slay+5}
 16988 | D:10     | Found the +3 pair of gauntlets of War {Slay+5}
 17076 | D:11     | Noticed Sonja
 17091 | D:11     | Killed Sonja
 17103 | D:11     | Reached XP level 12. HP: 81/86 MP: 0/0
 17115 | D:11     | Noticed Erica
 17149 | D:11     | Killed Erica
 17496 | D:11     | Reached skill level 5 in Dodging
 17551 | D:11     | Noticed an eight-headed hydra
 17566 | D:11     | Killed an eight-headed hydra
 17567 | D:11     | Reached skill level 5 in Shields
 17846 | D:11     | Found a large runed translucent door.
 17847 | D:11     | Found a large runed translucent door.
 17847 | D:11     | Noticed DonnieDarkness's ghost (journeyman HOFi)
 17871 | D:11     | Killed DonnieDarkness's ghost
 18598 | D:12     | Reached skill level 9 in Fighting
 19195 | D:12     | Identified the +4 arbalest of Honour {flame, Will- rCorr
                  | Int+3 Dex+4}
 19346 | D:13     | Noticed a two-headed ogre
 19360 | D:13     | Killed a two-headed ogre
 19366 | D:13     | Found Yhamem's Changing Room.
 19748 | D:13     | Reached XP level 13. HP: 57/96 MP: 0/0
 19748 | D:13     | Learned a level 5 spell: Lightning Bolt
 19933 | D:13     | Reached skill level 10 in Fighting
 20126 | D:13     | Found a gate to the Vaults.
 20126 | D:13     | Noticed a vault guard
 20126 | D:13     | Noticed a vault guard
 20126 | D:13     | Noticed a vault guard
 20126 | D:13     | Noticed a vault guard
 20133 | D:13     | Killed a vault guard
 20135 | D:13     | Killed a vault guard
 20140 | D:13     | Killed a vault guard
 20141 | D:13     | Reached skill level 11 in Fighting
 20141 | D:13     | Reached skill level 10 in Dodging
 20141 | D:13     | Killed a vault guard
 21486 | D:13     | Bought a potion of lignification for 39 gold pieces
 21486 | D:13     | Bought a potion of lignification for 39 gold pieces
 21486 | D:13     | Bought a potion of lignification for 39 gold pieces
 22058 | D:14     | Reached skill level 12 in Fighting
 22130 | D:14     | Noticed a five-headed hydra
 22139 | D:14     | Killed a five-headed hydra
 22140 | D:14     | Reached XP level 14. HP: 107/107 MP: 0/0
 22185 | D:15     | Entered Level 15 of the Dungeon
 22212 | D:15     | Found a runed translucent gate.
 22212 | D:15     | Found a runed translucent gate.
 22215 | D:15     | Found a runed translucent gate.
 22215 | D:15     | Found an opulent altar of Gozag.
 22256 | D:15     | Found the +7 great mace "Undeadhunter" {disrupt, rN+}
 22362 | D:15     | Noticed Jorgrun
 22382 | D:15     | Killed Jorgrun
 22423 | D:15     | Reached skill level 13 in Fighting
 23139 | D:15     | Identified the +2 leather armour "Nuru" {Dex+3 Stlth+}
 23250 | D:15     | Noticed Kirke
 23256 | D:15     | Reached skill level 10 in Spellcasting
 23268 | D:15     | Killed Kirke
 23919 | D:15     | Found a staircase to the Depths.
 23919 | D:15     | Noticed a stone giant
 23936 | D:15     | Killed a stone giant
 23944 | D:15     | Reached XP level 15. HP: 58/116 MP: 0/0
 23944 | D:15     | Learned a level 6 spell: Shadow Creatures
 24224 | D:15     | Noticed Yamstis's ghost (adept GnMo)
 24225 | D:15     | Found Anaaleb's Assorted Antiques.
 25044 | D:14     | Killed Yamstis's ghost
 25226 | D:14     | Noticed Snorg
 25236 | D:14     | Killed Snorg
 25371 | D:15     | Reached skill level 14 in Fighting
 25520 | D:15     | Bought a scroll of blinking for 232 gold pieces
 25672 | Lair:1   | Entered Level 1 of the Lair of Beasts
 25961 | Lair:1   | Reached ****** piety under Makhleb
 26124 | Lair:1   | Found a snail-covered altar of Cheibriados.
 27636 | Lair:2   | Reached skill level 5 in Stealth
 28121 | Lair:3   | Noticed Gastronok
 28136 | Lair:3   | Killed Gastronok
 28321 | Lair:3   | Reached skill level 15 in Fighting
 28330 | Lair:3   | Reached XP level 16. HP: 126/126 MP: 0/0
 28723 | Lair:3   | Found a staircase to the Shoals.
 29278 | Lair:4   | Found a staircase to the Snake Pit.
 29327 | Lair:4   | Noticed Nessos
 29342 | Lair:4   | HP: 5/126 [Nessos/arrow (16)]
 29344 | Lair:4   | Killed Nessos
 31425 | Lair:6   | Entered Level 6 of the Lair of Beasts
 31675 | Lair:6   | Reached skill level 1 in Evocations
 32816 | Lair:6   | Found a staircase to the Slime Pits.
 33528 | D:6      | Bought the +5 sword of Power {vorpal} for 1200 gold pieces
 33528 | D:6      | Found the +5 sword of Power {vorpal}
 33625 | Orc:1    | Entered Level 1 of the Orcish Mines
 33752 | Orc:2    | Entered Level 2 of the Orcish Mines
 33752 | Orc:2    | Found a burning altar of Makhleb.
 33770 | Orc:1    | Found a flagged portal.
 33787 | Bailey   | Entered a bailey
 34392 | Orc:1    | Reached XP level 17. HP: 104/133 MP: 0/0
 34392 | Orc:1    | Learned a level 6 spell: Simulacrum
 35157 | Orc:2    | Found a staircase to the Elven Halls.
 35182 | Orc:2    | Found Amideroz's General Store.
 35194 | Orc:2    | Bought a potion of heal wounds for 85 gold pieces
 35194 | Orc:2    | Bought a scroll of teleportation for 51 gold pieces
 35622 | Orc:2    | Reached skill level 5 in Evocations
 35715 | Orc:2    | Reached skill level 10 in Short Blades
 36200 | Orc:2    | Found Bagiokh's Weapon Shoppe.
 36203 | Orc:2    | Found Vevoet Yxerch's Assorted Antiques.
 36206 | Orc:2    | Found Nieteume's Magic Scroll Shoppe.
 36207 | Orc:2    | Found Toesup's Magic Scroll Shoppe.
 36210 | Orc:2    | Bought a scroll of teleportation for 48 gold pieces
 36210 | Orc:2    | Bought a scroll of teleportation for 48 gold pieces
 36210 | Orc:2    | Bought a scroll of teleportation for 48 gold pieces
 36210 | Orc:2    | Bought a scroll of magic mapping for 56 gold pieces
 36210 | Orc:2    | Bought a scroll of enchant weapon for 120 gold pieces
 36215 | Orc:2    | Bought a purple potion for 31 gold pieces
 36608 | Snake:1  | Entered Level 1 of the Snake Pit
 36632 | Snake:1  | Reached skill level 16 in Fighting
 36651 | Snake:1  | Noticed Louise
 36683 | Snake:1  | Killed Louise
 36835 | Snake:1  | Noticed Agnes
 36854 | Snake:1  | Killed Agnes
 37804 | Snake:1  | Noticed Azrael
 37813 | Snake:1  | Killed Azrael
 37997 | Snake:1  | Identified the +5 arbalest of a treasure trove {flame,
                  | rPois Str+3}
 38506 | Snake:2  | Found Ikloom's Jewellery Emporium.
 38728 | Snake:2  | Found Zanuveap's Jewellery Shop.
 38958 | Snake:2  | Found Vuotinen's Book Shop.
 39375 | Snake:2  | Found Kafeup's Jewellery Boutique.
 39802 | Snake:2  | Bought the ring of the Mage {Wiz Will++ Int+3} for 723 gold
                  | pieces
 39802 | Snake:2  | Found the ring of the Mage {Wiz Will++ Int+3}
 39828 | Snake:2  | Found Kuumiol's Assorted Antiques.
 39866 | Snake:2  | Bought the ring "Qippepit" {Ice Will+ Dex+6 Stlth+} for 742
                  | gold pieces
 39890 | Snake:2  | Found the amulet of Vitality {Regen+ HP+15}
 40367 | Snake:3  | Reached XP level 18. HP: 138/141 MP: 0/0
 40481 | Snake:3  | Found Meupalei's Book Shoppe.
 41459 | Snake:4  | Entered Level 4 of the Snake Pit
 41459 | Snake:4  | Found Zomef's Antique Armour Shop.
 41838 | Snake:4  | Found Hutauschy's Antique Weapon Boutique.
 41878 | Snake:4  | Reached skill level 17 in Fighting
 42384 | Snake:4  | Got a serpentine rune of Zot
 42531 | Snake:4  | Found a white marble altar of Elyvilon.
 42631 | Snake:4  | Noticed Saint Roka
 42651 | Snake:4  | Killed Saint Roka
 42705 | Snake:4  | Reached skill level 10 in Shields
 42737 | Snake:4  | Noticed robertstho's ghost (adept DsBe)
 42738 | Snake:4  | Found a runed translucent gate.
 42739 | Snake:4  | Found a runed translucent gate.
 42739 | Snake:4  | Noticed Vusiosyu's ghost (adept TeGl)
 42740 | Snake:4  | Found a runed translucent gate.
 42741 | Snake:4  | Noticed jejorda2's ghost (adept MfBe)
 42741 | Snake:4  | Noticed freelancePsychic's ghost (adept PaEE)
 42742 | Snake:4  | Noticed demibob's ghost (adept DsBe)
 43008 | Snake:4  | Identified the +0 cloak of the Pure Curses {Fly rN+ Str-4}
 43129 | Snake:4  | Killed Vusiosyu's ghost
 43137 | Snake:4  | Killed robertstho's ghost
 43138 | Snake:4  | Killed demibob's ghost
 43146 | Snake:4  | Killed jejorda2's ghost
 43147 | Snake:4  | Reached XP level 19. HP: 94/148 MP: 0/0
 43147 | Snake:4  | Learned a level 6 spell: Statue Form
 43416 | Snake:4  | Identified the amulet "Budem" {Spirit Drain rPois Will+
                  | Str+3}
 43481 | Snake:4  | Killed freelancePsychic's ghost
 43865 | Shoals:1 | Entered Level 1 of the Shoals
 44463 | Shoals:1 | Reached XP level 20. HP: 157/157 MP: 0/0
 44656 | Shoals:1 | Found a frozen archway.
 44709 | IceCv    | Entered an ice cave
 45246 | IceCv    | Noticed an Ice Fiend
 45246 | IceCv    | Noticed an Ice Fiend
 45266 | IceCv    | Killed an Ice Fiend
 45267 | IceCv    | Reached skill level 10 in Armour
 45280 | IceCv    | Killed an Ice Fiend
 45281 | IceCv    | Reached skill level 18 in Fighting
 46554 | Shoals:2 | Found Ilithoy's Jewellery Shoppe.
 46677 | Shoals:2 | Found a flickering gateway to a bazaar.
 46709 | Bazaar   | Entered a bazaar
 46749 | Bazaar   | Found Naheot's Book Emporium.
 46816 | Bazaar   | Found Zenloho's Book Shop.
 46837 | Bazaar   | Found Zarush's Antique Weapon Shoppe.
 46860 | Bazaar   | Found Buop's Book Shoppe.
 47610 | Shoals:3 | Reached XP level 21. HP: 152/164 MP: 0/0
 47610 | Shoals:3 | Learned a level 8 spell: Necromutation
 47713 | Shoals:3 | Found Exucec's Distillery.
 47723 | Shoals:3 | Bought a potion of heal wounds for 90 gold pieces
 47723 | Shoals:3 | Bought a potion of haste for 180 gold pieces
 47886 | Shoals:3 | Noticed Polyphemus
 47926 | Shoals:3 | Killed Polyphemus
 48469 | Shoals:4 | Entered Level 4 of the Shoals
 48771 | Shoals:4 | Got a barnacled rune of Zot
 49544 | Shoals:4 | Identified the +11 broad axe "Malask" {vorpal, rF+}
 50165 | Elf:1    | Entered Level 1 of the Elven Halls
 50266 | Elf:1    | Found a magical portal.
 50275 | WizLab   | Entered Iskenderun's Mystic Tower
 50306 | WizLab   | Killed from afar by a purple draconian

Illustrated notes

Levels and vault maps discovered:
D:1:      dpeg_arrival_concentric_ovals, layout_basic
D:2:      layout_rooms, hellmonk_ecumenical_altar_leap_of_faith,
          minmay_quantized, uniq_robin, uniq_crazy_yiuf_cottage
D:3:      layout_basic, zin_scriptorium
D:4:      layout_basic, minmay_overflow_temple_star_hex,
          minmay_temple_entry_drinking_statues
D:5:      layout_basic, led_sif_book, serial_shops, shop_statue,
          minmay_statues_item
D:6:      layout_rooms, nicolae_qazlal_eye_of_the_storm,
          gup_sewer_entry_bubbles, kennysheep_small_circle
D:7:      layout_layer_cave, vehumet_statue
D:8:      cheibrodos_shockbox, layout_basic, bh_walls_and_bars
D:9:      layout_cross, dpeg_oklobed_lair, zombieorc2_lemuel
D:10:     layout_cave_pools, serial_gnoll_camp, grums_kennel,
          gnoll_camp_mini_house, gnoll_camp_mini_shop,
          gnoll_camp_mini_loothouse, gnoll_camp_mini_hut, serial_shops, shop,
          minmay_mirror_moons_of_madness
D:11:     layout_stronghold, ebering_ghost_disaster_area, roderic_roman_lattice,
          uniq_sonja, uniq_erica
D:12:     layout_rooms
D:13:     layout_roguey, lightli_vaults_fourway_checkpoint,
          serial_co_window_serial, co_window_paths_a, co_window_corner_a,
          co_window_corner_a, co_window_paths_b, co_window_paths_a,
          co_window_corner_b, co_window_of_opportunity_c, co_window_cross_2,
          co_window_2corner, co_window_unsneaky_path_b, co_window_corner_b,
          co_window_2corner, co_window_4corner_b, glass_columns_a,
          glass_columns_c, glass_columns_b, nicolae_transmutations_shop,
          minivault_10
D:14:     layout_irregular_city, grunt_decor_cap, nzn_life_drinkers, uniq_snorg
D:15:     grunt_enter_depths_snipers, layout_basic, ebering_ghost_gozag,
          grunt_decor_fettered, pf_eden, uniq_jorgrun, uniq_kirke
Temple:   nicolae_temple_god_jail
Lair:1:   layout_small_grid, kennysheep_snail_temple, infiniplex_staircase_pool,
          lemuel_fruit_fields
Lair:2:   nzn_winding_woodlands_three_and_one
          [nzn_winding_woodlands_5x15_jagged,
          nzn_winding_woodlands_5x15_sidewinder,
          nzn_winding_woodlands_5x15_longhouse,
          nzn_winding_woodlands_center_diamonds], layout_regular_city
Lair:3:   layout_small_grid, minmay_shoals_entry_hut, uniq_gastronok
Lair:4:   layout_cave_pods, minmay_snake_entry_six_corridors, fungi_pond_lemuel,
          nicolae_quartered_pool_little, uniq_nessos
Lair:5:   layout_layer_cave, minmay_holes, minmay_lair_oklob_items,
          lemuel_fruit_tree, grunt_megastairs_3
Lair:6:   hangedman_lair_in_review, layout_loops_ring,
          hangedman_lair_caniforms_friends, nicolae_slime_entry_slimehenge
Shoals:1: nicolae_shoals_lighthouse, layout_shoals,
          portal_ice_cave_entry_ice_statue_one
Shoals:2: layout_shoals, serial_shops, bzr_in_the_mist,
          minmay_shop_enchanted_jewellery
Shoals:3: layout_shoals, serial_shops, shop, uniq_polyphemus
Shoals:4: shoals_end_simple, layout_shoals, nicolae_shoals_wave_tunnel
Snake:1:  layout_concentric_octagons, nicolae_snake_squiggles, uniq_louise,
          uniq_azrael, uniq_agnes
Snake:2:  layout_basic, serial_shops, shop, shop, nicolae_square_shop,
          nicolae_stop_n_shop_2, nicolae_shop_trees
Snake:3:  layout_honeycomb, serial_shops, nicolae_shop_behind_doors
Snake:4:  minmay_snake_end_coiled, layout_gridlike, serial_shops, shop,
          nicolae_shop_temple_entry_statues_fountains, basic_altar,
          gammafunk_ghost_cemetery, uniq_saint_roka
Orc:1:    layout_diamond_mine, basic_altar, enter_bailey_1
Orc:2:    st_orc_pillars, layout_diamond_mine, basic_altar, serial_shops, shop,
          mines_bat_river
Elf:1:    eino_elf_arrival_the_gate, layout_loops_corners, mu_enter_wizlab_6,
          minmay_elf_demonology, minmay_shoptagon, uniq_asterion, uniq_aizul,
          uniq_frances, uniq_nikola
WizLab:   wizlab_iskenderun

Skill      XL: |  1  2  3  4  5  6  7  8  9 10 11 12 13 14 15 16 17 18 19 20 21 |
---------------+----------------------------------------------------------------+-----
Fighting       | 1 2 3 4 5 8 9 12 13 15 16 17 18 | 18.9
Short Blades   | 1 3 5 7 9 10 | 10.0
Armour         | 2 5 7 9 10 12 | 12.0
Spellcasting   | 7 8 10 11 12 13 14 | 14.1
Dodging        | 3 8 11 12 13 14 | 14.0
Shields        | 3 5 7 10 11 12 | 12.2
Stealth        | 3 5 6 |  6.1
Evocations     | 4 5 |  5.6
Long Blades    | |  0.5

Action                   |  1- 3 |  4- 6 |  7- 9 | 10-12 | 13-15 | 16-18 | 19-21 || total
-------------------------+-------+-------+-------+-------+-------+-------+-------++-------
Melee: Club              |    11 |       |       |       |       |       |       ||    11
       Dagger            |    11 |   297 |   404 |   191 |       |       |       ||   903
       Staff             |       |       |       |    15 |       |       |       ||    15
       Quick blade       |       |       |       |   307 |   716 |  1568 |  1362 ||  3953
       Great sword       |       |       |       |       |       |    16 |       ||    16
Throw: Dart              |       |       |       |       |     1 |     1 |       ||     2
 Cast: Magic Dart        |    13 |       |    18 |       |       |       |       ||    31
       Call Imp          |     5 |       |       |       |       |       |       ||     5
       Blink             |     2 |       |       |     1 |       |     2 |       ||     5
       Pain              |     3 |     2 |     1 |     1 |       |       |       ||     7
       Mephitic Cloud    |       |     6 |     1 |    19 |    11 |     2 |    20 ||    59
       Frozen Ramparts   |       |       |    17 |    10 |     8 |    15 |       ||    50
       Conjure Flame     |       |       |       |     2 |       |       |       ||     2
       Sticky Flame      |       |       |       |    72 |    16 |    59 |    29 ||   176
       Slow              |       |       |       |     1 |       |       |       ||     1
       Confusing Touch   |       |       |       |     1 |       |       |       ||     1
       Lightning Bolt    |       |       |       |       |    35 |    17 |    20 ||    72
       Shadow Creatures  |       |       |       |       |     9 |    21 |    12 ||    42
       Simulacrum        |       |       |       |       |       |    18 |       ||    18
       Statue Form       |       |       |       |       |       |       |     1 ||     1
 Abil: End Transformatio |       |       |       |       |       |       |     1 ||     1
Evoke: Wand              |       |       |       |     2 |       |    21 |     3 ||    26
  Use: Potion            |     2 |     2 |       |     2 |       |     4 |    19 ||    29
       Scroll            |     1 |     7 |     7 |    16 |     7 |    17 |    13 ||    68
 Stab: Sleeping          |     1 |       |       |       |     7 |    11 |     2 ||    21
       Confused          |       |     2 |       |    11 |     9 |     3 |    13 ||    38
       Distracted        |       |       |       |       |       |     5 |     1 ||     6
       Fleeing           |       |       |       |       |       |     1 |       ||     1
       Invisible         |       |       |       |       |       |     1 |       ||     1
       Petrified         |       |       |       |       |       |       |     4 ||     4
Armor: Robe              |    11 |       |       |       |       |       |       ||    11
       Leather armour    |     8 |    20 |       |       |       |       |       ||    28
       Ring mail         |       |    84 |       |       |       |       |       ||    84
       Scale mail        |       |    36 |   203 |   269 |   154 |   345 |   288 ||  1295
       Skin              |       |       |       |       |       |       |     3 ||     3
Dodge: Dodged            |    32 |   152 |   154 |   263 |   240 |   616 |   614 ||  2071
       Repelled          |       |       |       |       |       |    23 |     5 ||    28
Block: Buckler           |       |       |       |    47 |   118 |   301 |   289 ||   755
       Other             |       |       |       |       |       |    38 |       ||    38
       Reflection        |       |       |       |       |       |    29 |       ||    29
       Kite shield       |       |       |       |       |       |   278 |       ||   278
       Rpst.: Great sword |       |       |       |       |       |     8 |       ||     8

Table legend: (Time is in decaauts)
 A = Elapsed time spent in this place.
 B = Non-inter-level travel time spent in this place.
 C = Inter-level travel time spent in this place.
 D = Time resting spent in this place.
 E = Time spent auto-exploring this place.
 F = Levels seen in this place.
 G = Mean time per level.
                   A        B        C        D        E       F      G
               +--------+--------+--------+--------+--------+-----+--------+
         Total |  47445 |  44631 |   2814 |   6283 |  30247 |  38 | 1248.6 |
       Dungeon |  25007 |  23496 |   1511 |   4316 |  15820 |  15 | 1667.1 |
        Temple |     33 |     25 |      8 |      0 |     14 |   1 |   33.0 |
          Lair |   7726 |   6949 |    777 |      0 |   5909 |   6 | 1287.7 |
        Shoals |   4436 |   4281 |    155 |    349 |   2585 |   4 | 1109.0 |
     Snake Pit |   6514 |   6219 |    295 |    906 |   4112 |   4 | 1628.5 |
  Orcish Mines |   2104 |   2036 |     68 |    415 |   1050 |   2 | 1052.0 |
   Elven Halls |     94 |     94 |      0 |      0 |     45 |   1 |   94.0 |
        Bazaar |    183 |    183 |      0 |      0 |    155 |   1 |  183.0 |
         Sewer |    207 |    207 |      0 |      0 |    110 |   1 |  207.0 |
        Bailey |    501 |    501 |      0 |     12 |    345 |   1 |  501.0 |
      Ice Cave |    606 |    606 |      0 |    285 |     95 |   1 |  606.0 |
        Wizlab |     28 |     28 |      0 |      0 |      7 |   1 |   28.0 |
               +--------+--------+--------+--------+--------+-----+--------+

Top non-repeatable levels by time:
    D:15: 2522 daAuts
     D:5: 2292 daAuts
     D:4: 2156 daAuts
    D:13: 2086 daAuts
    D:10: 2004 daAuts
     D:7: 1883 daAuts
     D:8: 1870 daAuts
 Snake:4: 1807 daAuts
 Snake:2: 1797 daAuts
 Snake:1: 1778 daAuts
   Orc:2: 1754 daAuts
  Lair:6: 1674 daAuts
Shoals:1: 1574 daAuts
     D:9: 1497 daAuts
     D:2: 1493 daAuts
